 Dungeon Crawl Stone Soup version 0.31-a0-355-g57cb03d3e8 (webtiles) character file.

Game seed: 3638277098209161729

545 drugrobin the Cudgeller (level 6, 0/51 HPs)
             Began as a Demigod Delver on July 24, 2023.
             Slain by Edmund
             ... wielding a +0 heavy flail
              (17 damage)
             ... on level 4 of the Dungeon.
             The game lasted 00:12:20 (3610 turns).

drugrobin the Cudgeller (Demigod Delver)            Turns: 3610, Time: 00:12:21

Health: 0/51       AC:  9    Str: 21    XL:     6   Next: 77%
Magic:  17/17      EV:  8    Int: 12    God:
Gold:   109        SH:  0    Dex: 15    Spells: 5/5 levels left

rFire   . . .        b - +1 whip (venom)
rCold   . . .        (no shield)
rNeg    . . .        x - +1 chain mail {rPois}
rPois   +            (no helmet)
rElec   .            (no cloak)
rCorr   .            (no gloves)
SInv    .            (no boots)
Will    .....        s - amulet of magic regeneration Stlth
                     t - ring of poison resistance
HPRegen 0.28/turn    y - ring of magical power
MPRegen 0.55/turn

%: no passive effects
@: no status effects
A: high MP 1, forlorn, divine attributes
a: no special abilities


You were on level 4 of the Dungeon.
You visited 1 branch of the dungeon, and saw 5 of its levels.

You collected 193 gold pieces.
You spent 84 gold pieces at shops.

Inventory:

Hand Weapons
 a - a +0 flail of freezing
 b - a +1 whip of venom (weapon)
 c - a +0 sling
 h - a +0 morningstar
Missiles
 p - 10 poisoned darts
Armour
 i - a +0 leather armour
 x - a +1 chain mail of poison resistance (worn)
Jewellery
 s - an amulet of magic regeneration (around neck)
 t - a ring of poison resistance (left hand)
 y - a ring of magical power (right hand)
Wands
 g - a wand of digging (3)
 k - a wand of mindburst (4)
Scrolls
 d - 2 scrolls of revelation
 e - a scroll of fear
 j - a scroll of vulnerability
 l - 6 scrolls of teleportation
 n - a scroll of blinking
 w - a scroll of amnesia {unknown}
 z - a scroll of enchant armour {unknown}
 A - 2 scrolls of fog
Potions
 f - 2 potions of haste
 m - a potion of invisibility {unknown}
 o - a potion of lignification {unknown}
 q - a potion of curing {unknown}
 r - a potion of heal wounds {unknown}
 u - 2 potions of attraction {unknown}
 v - 2 potions of enlightenment


   Skills:
 + Level 3.2 Fighting
 * Level 6.8 Maces & Flails
 - Level 1.7 Dodging
 - Level 4.5 Stealth


You had 5 spell levels left.
You didn't know any spells.
Your spell library contained the following spells:

 Spells                   Type           Power      Damage    Failure   Level
 Frozen Ramparts          Ice            0%         1d1       100%        3
 Inner Flame              Hex/Fire       0%         N/A       100%        3
 Summon Guardian Golem    Hex/Summ       0%         N/A       100%        3
 Petrify                  Tmut/Erth      0%         N/A       100%        4
 Metabolic Englaciation   Hex/Ice        0%         N/A       100%        5
 Yara's Violent Unravell  Hex/Tmut       0%         3d3       100%        5
 Enfeeble                 Hex            0%         N/A       100%        7
 Orb of Destruction       Conj           0%         9d5       100%        7
 Spellforged Servitor     Conj/Summ      0%         N/A       100%        7


Dungeon Overview and Level Annotations

Branches:
Dungeon (5/15)
 Temple: D:4-7

Shops:
D:1 ?

Annotations:
D:4 Edmund


Innate Abilities, Weirdness & Mutations

You have an increased reservoir of magic. (+10% MP)
You shall have no god before yourself.
Your divine heritage dramatically boosts your attributes as you level up.


Message History

Edmund hits you with a +0 heavy flail!
Unknown command.
Unknown command.
You barely miss Edmund.
Edmund is moderately wounded.
Unknown command.
Unknown command.
You barely miss Edmund.
Edmund is heavily wounded.
Edmund barely misses you.
Unknown command.
Unknown command.
You hit Edmund but do no damage.
Edmund looks as sick as possible!
Edmund is heavily wounded.
Unknown command.
Unknown command.
You whack Edmund!
Edmund looks as sick as possible!
Edmund is severely wounded.
Edmund hits you with a +0 heavy flail!
Unknown command.
Unknown command.
You closely miss Edmund.
Edmund is severely wounded.
Unknown command.
Unknown command.
Unknown command.
You hit Edmund but do no damage.
Edmund looks as sick as possible!
Edmund is severely wounded.
Edmund barely misses you.
Unknown command.
Unknown command.
Unknown command.
You barely miss Edmund.
Edmund is severely wounded.
Unknown command.
Unknown command.
You barely miss Edmund.
Edmund is severely wounded.
Edmund hits you with a +0 heavy flail!
You die...

.. ## #####....gg. .
...##......g.g.. ##.
....#g.....# #..
#...g##.#
#...#####.##)##.# .
#...#...#†##.g).####S
#.### #.....####g).....g
##...###@.)##....@......
#.^...#@###.#.g....S####
#...#.5.#.#.####### .
#####...#...#..>.......
..#...#...#.h.###.#######
#.....#.###.###..######.
##...###...## #.#.......
#.###.#.....#.#.#.)....#
. #...#...#..#.#......# #
#...#####....#......#


You could see Edmund (extremely poisoned).

Vanquished Creatures
  2 scorpions
  A howler monkey (D:4)
  A hound (D:4)
  2 orc priests (D:3)
  2 iguanas
  Ijyb (D:3)
  Natasha (thrice) (D:4)
  Robin (D:4)
  A gnoll (D:2)
  An adder (D:4)
  4 dart slugs
  5 orcs (D:3)
  5 ball pythons
  9 endoplasms
  6 giant cockroaches
  14 goblins
  14 hobgoblins
  12 jackals
  3 kobolds
  3 quokkas
  10 bats
  3 frilled lizards
  6 rats
109 creatures vanquished.

Notes
Turn   | Place    | Note
-------+----------+-------------------------------------------
     0 | D:5      | drugrobin the Demigod Delver began the quest for the Orb.
     0 | D:5      | Reached XP level 1. HP: 18/18 MP: 3/3
    46 | D:3      | Noticed an orc priest
    58 | D:3      | Reached skill level 2 in Maces & Flails
   258 | D:2      | Reached XP level 2. HP: 20/25 MP: 4/4
   562 | D:1      | Reached skill level 3 in Maces & Flails
   782 | D:1      | Reached XP level 3. HP: 30/30 MP: 5/5
  1135 | D:1      | Found Gietarghur's Magic Scroll Shoppe.
  1140 | D:1      | Bought a scroll of identify for 28 gold pieces
  1140 | D:1      | Bought a scroll of teleportation for 42 gold pieces
  1140 | D:1      | Bought a scroll of noise for 14 gold pieces
  1642 | D:2      | Reached skill level 4 in Maces & Flails
  1833 | D:2      | Noticed a scorpion
  1856 | D:2      | Killed a scorpion
  1857 | D:2      | Reached XP level 4. HP: 34/37 MP: 6/6
  2273 | D:3      | Reached skill level 5 in Maces & Flails
  2273 | D:3      | Reached XP level 5. HP: 40/42 MP: 7/7
  2305 | D:3      | Noticed Ijyb
  2688 | D:3      | Reached skill level 6 in Maces & Flails
  2688 | D:3      | Reached XP level 6. HP: 46/50 MP: 8/8
  2817 | D:3      | Killed Ijyb
  3194 | D:4      | Noticed Natasha
  3339 | D:4      | Killed Natasha
  3442 | D:4      | Noticed Natasha
  3446 | D:4      | Killed Natasha
  3557 | D:4      | Noticed Robin
  3572 | D:4      | Killed Robin
  3573 | D:4      | Noticed Edmund
  3578 | D:4      | Noticed Natasha
  3595 | D:4      | Killed Natasha
  3610 | D:4      | Slain by Edmund

Illustrated notes

Levels and vault maps discovered:
D:1:      dpeg_arrival_erosion, layout_loops_ring, serial_shops,
          nicolae_shop_advertising_works [nicolae_subvault_shop_adworks],
          minmay_misc_feat_five
D:2:      layout_loops_ring, basic_altar, st_stairs_3
D:3:      layout_basic, kennysheep_nub, minmay_strange_pillars,
          minmay_fractal_squares_5, uniq_ijyb
D:4:      nicolae_cairo_tiling, layout_rooms, uniq_natasha, uniq_edmund,
          uniq_robin
D:5:      layout_cave_pools, nicolae_hepliaklqana_hippocampus,
          serial_column_ruins, column_ruins_grid_1, column_ruins_grid_4,
          column_ruins_open_small, column_ruins_open_tiny

Skill      XL: |  1  2  3  4  5  6 |
---------------+-------------------+-----
Maces & Flails | 2 3 4 5 6 |  6.8
Fighting       | 3 |  3.2
Dodging        | |  1.7
Stealth        | |  4.5

Action                     |  1- 3 |  4- 6 || total
---------------------------+-------+-------++-------
  Melee: Mace              |   139 |    91 ||   230
         Punch             |     1 |     1 ||     2
         Whip              |       |    62 ||    62
         Flail             |       |    27 ||    27
   Fire: Sling             |    58 |    35 ||    93
  Throw: Dart              |     2 |     7 ||     9
    Use: Scroll            |     2 |     4 ||     6
   Stab: Sleeping          |     1 |       ||     1
 Armour: Leather armour    |     6 |       ||     6
         Chain mail        |    90 |   119 ||   209
  Dodge: Dodged            |    85 |    93 ||   178

Table legend: (Time is in decaauts)
 A = Elapsed time spent in this place.
 B = Non-inter-level travel time spent in this place.
 C = Inter-level travel time spent in this place.
 D = Time resting spent in this place.
 E = Time spent auto-exploring this place.
 F = Levels seen in this place.
 G = Mean time per level.
                   A        B        C        D        E       F      G
               +--------+--------+--------+--------+--------+-----+--------+
         Total |   3688 |   3532 |    156 |    567 |   1615 |   5 |  737.6 |
       Dungeon |   3688 |   3532 |    156 |    567 |   1615 |   5 |  737.6 |
               +--------+--------+--------+--------+--------+-----+--------+

Top non-repeatable levels by time:
     D:2: 1207 daAuts
     D:3: 1183 daAuts
     D:1: 906 daAuts
     D:4: 355 daAuts
     D:5: 36 daAuts
